 Dungeon Crawl Stone Soup version 0.30.0-15-g856e2d3f33 (webtiles) character file.

Game seed: 3181749482675569248

3565 croobank the Fighter (level 9, -3/83 HPs)
             Began as a Minotaur Fighter on May 18, 2023.
             Slain by a tengu warrior
             ... wielding a +0 war axe
              (5 damage)
             ... on level 9 of the Dungeon.
             The game lasted 00:14:42 (7895 turns).

croobank the Fighter (Minotaur Fighter)             Turns: 7895, Time: 00:14:43

Health: -3/83      AC: 10    Str: 34    XL:     9   Next: 84%
Magic:  2/2        EV: 10    Int:  5    God:
Gold:   431        SH:  5    Dex:  5    Spells: 8/8 levels left

rFire   . . .        E - +7 broad axe of Ravage {antimagic, *Rage rN+++ Str+9 Dex-5}
rCold   . . .        c - +0 buckler
rNeg    + + +        b - +0 scale mail
rPois   +            (helmet restricted)
rElec   .            j - scarf {repulsion}
rCorr   .            (no gloves)
SInv    .            C - +1 pair of boots
Will    .....        (no amulet) Stlth
                     n - ring of poison resistance
HPRegen 0.33/turn    (no ring)
MPRegen 0.08/turn

%: random rage (20%), repel missiles
@: no status effects
A: horns 2, retaliatory headbutt
a: no special abilities


You were on level 9 of the Dungeon.
You visited 2 branches of the dungeon, and saw 10 of its levels.

You collected 665 gold pieces.
You spent 234 gold pieces at shops.

Inventory:

Hand Weapons
 f - a +0 sling
 t - the +6 dagger of Honour {heavy, rPois rF- rN+}
   (You found it on level 7 of the Dungeon)

   rF:        It makes you vulnerable to fire.
   rPois:     It protects you from poison.
   rN:        It protects you from negative energy.
 E - the +7 broad axe of Ravage (weapon) {antimagic, *Rage rN+++ Str+9 Dex-5}
   (You bought it in a shop on level 5 of the Dungeon)

   Str:       It affects your strength (+9).
   Dex:       It affects your dexterity (-5).
   rN:        It renders you almost immune to negative energy.
   *Rage:     It berserks you when you make melee attacks (+20% chance).
 F - a +2 dagger of holy wrath
 H - a +0 scimitar
Missiles
 d - 5 boomerangs of dispersal
 e - 5 boomerangs
 p - 4 silver boomerangs (quivered)
 z - a throwing net
 I - a curare-tipped dart
 J - 3 datura-tipped darts
Armour
 b - a +0 scale mail (worn)
 c - a +0 buckler (worn)
 j - a scarf of repulsion (worn)
 u - a +0 kite shield
 C - a +1 pair of boots (worn)
Jewellery
 l - the Hermit's Pendant {Faith Invo=14 Evo=0 MP+5}
   (You found it on level 7 of the Dungeon)

   [amulet of faith]

   Invo=14: It sets your Invocations skill to 14.
   Evo=0: It sets your Evocations skill to 0.
   It allows you to gain divine favour quickly.
   MP:        It affects your magic capacity (+5).
 n - a ring of poison resistance (left hand)
Wands
 m - a wand of iceblast (19)
 y - a wand of light (16)
 G - a wand of paralysis (11)
Scrolls
 i - 6 scrolls of blinking
 k - 2 scrolls of fog
 o - a scroll of magic mapping
 q - 2 scrolls of identify
 r - 3 scrolls of teleportation
 s - a scroll of poison
Potions
 a - 2 potions of might
 g - a potion of haste
 h - 3 potions of brilliance
 v - a potion of berserk rage
 w - 2 potions of ambrosia
 x - a potion of flight
 A - 2 potions of invisibility
 B - 3 potions of mutation
 D - a potion of curing {unknown}


   Skills:
 + Level 9.3 Fighting
 + Level 8.8 Axes
 + Level 9.2 Armour
 + Level 9.2 Shields


You had 8 spell levels left.
You didn't know any spells.
Your spell library contained the following spells:

 Spells                   Type           Power      Damage    Failure   Level
 Cigotuvi's Dreadful Rot  Necr/Pois/Air  0%         N/A       83%         2
 Ignite Poison            Fire/Tmut/Pois 0%         N/A       97%         3
 Inner Flame              Hex/Fire       0%         N/A       97%         3
 Tukima's Dance           Hex            0%         N/A       97%         3
 Flame Wave               Conj/Fire      0%         2d4       100%        4
 Passage of Golubria      Tloc           0%         N/A       100%        4
 Sticky Flame             Conj/Fire      0%         2d3       100%        4
 Freezing Cloud           Conj/Ice/Air   0%         6-21      100%        5
 Yara's Violent Unravell  Hex/Tmut       0%         3d3       100%        5


Dungeon Overview and Level Annotations

Branches:
Dungeon (9/15)             Temple (1/1) D:7
   Lair: D:8-11         Orc: D:9-12

Altars:
Ashenzari
Dithmenos
Elyvilon
Fedhas
Gozag
Hepliaklqana
Kikubaaqudgha
Makhleb
Nemelex Xobeh
Okawaru
Ru
Sif Muna
Trog
Uskayaw
Wu Jian
Xom
Yredelemnul
Zin
The Shining One

Shops:
D:5 (

Annotations:
D:5 2 transporters, Kazon's ghost, novice VSFi


Innate Abilities, Weirdness & Mutations

You have a pair of horns on your head.
You reflexively headbutt those who attack you in melee.


Message History

The tengu warrior hits you with a +0 war axe.
The tengu warrior barely misses you. The tengu warrior misses you.
You closely miss the tengu warrior. Your headbutt misses the tengu warrior.
The tengu warrior is heavily wounded.
The tengu warrior hits you with a +0 war axe!
The tengu warrior pecks you but does no damage.
The tengu warrior claws you but does no damage.
You closely miss the tengu warrior.
The tengu warrior is heavily wounded.
You block the tengu warrior's attack.
The tengu warrior completely misses you.
The tengu warrior claws you. The tengu warrior blocks your attack.
The tengu warrior is heavily wounded.
The tengu warrior hits you with a +0 war axe!
The tengu warrior pecks you. You block the tengu warrior's attack.
You miss the tengu warrior.
The tengu warrior is heavily wounded.
The tengu warrior completely misses you. x2
You block the tengu warrior's attack. The tengu warrior blocks your attack.
The tengu warrior is heavily wounded.
The tengu warrior barely misses you.
The tengu warrior pecks you but does no damage.
The tengu warrior claws you but does no damage.
The tengu warrior hits you with a +0 war axe!
* * * LOW HITPOINT WARNING * * *
The tengu warrior pecks you but does no damage.
The tengu warrior claws you but does no damage.
Aiming: Bolt of Light
Press: ? - help, Shift-Dir - straight line, f/p - tengu warrior
Aim: a tengu warrior, wielding a +0 war axe, wearing a +0 leather armour and wearing a +0 kite shield of protection (moderately wounded, 50% to hit)
The bolt of light hits the tengu warrior!
The tengu warrior is severely wounded.
The tengu warrior is blinded.
The tengu warrior hits you with a +0 war axe!!
* * * LOW HITPOINT WARNING * * *
The tengu warrior pecks you but does no damage.
The tengu warrior claws you.
You die...

### .. ## ###########.##
..... ..............#
.................... ..
................Q.###...
................@.......
......................>.
...................##..#
...................# #
...................#
...................#
.......#####.#####.#
#..##..#####.### .#
#..............# .#


You could see a tengu warrior (blind).

Vanquished Creatures
  A tengu warrior (D:7)
  A gargoyle (D:9)
  Sigmund (D:5)
  A vampire (D:9)
  Eustachio (D:4)
  A water moccasin (D:6)
  2 orc warriors
  2 black bears
  2 sky beasts
  2 ogres (D:7)
  2 kobold brigands
  3 phantoms
  A bullfrog (D:7)
  A gnoll sergeant (D:7)
  A scorpion (D:7)
  A quasit (D:7)
  3 orc priests
  4 hounds
  2 gnoll boudas
  2 sleepcaps
  6 iguanas
  2 orc wizards
  11 gnolls
  5 adders
  A white imp (D:6)
  An ufetubus (D:4)
  2 worms
  2 dart slugs (D:2)
  27 orcs
  5 endoplasms
  A giant cockroach (D:2)
  13 goblins
  4 hobgoblins
  3 jackals (D:1)
  21 kobolds
  A quokka (D:1)
  12 ball pythons
  6 bats
  3 frilled lizards
  3 goblin skeletons (D:7)
  4 goblin zombies (D:7)
  3 hobgoblin zombies (D:7)
  A kobold skeleton (D:7)
  A kobold zombie (D:7)
  An orc zombie (D:7)
  7 rats
180 creatures vanquished.

Notes
Turn   | Place    | Note
-------+----------+-------------------------------------------
     0 | D:1      | croobank the Minotaur Fighter began the quest for the Orb.
     0 | D:1      | Reached XP level 1. HP: 19/19 MP: 0/0
    89 | D:1      | Reached XP level 2. HP: 27/27 MP: 1/1
   584 | D:2      | Reached XP level 3. HP: 25/33 MP: 2/2
   927 | D:2      | Found a faded altar of an unknown god.
  1421 | D:3      | Reached XP level 4. HP: 41/41 MP: 3/3
  2177 | D:4      | Noticed Eustachio
  2177 | D:4      | Noticed a phantom
  2182 | D:4      | Killed a phantom
  2183 | D:4      | Reached XP level 5. HP: 42/47 MP: 4/4
  2195 | D:4      | Killed Eustachio
  2196 | D:4      | Reached skill level 5 in Fighting
  2196 | D:4      | Reached skill level 5 in Armour
  2196 | D:4      | Reached skill level 5 in Shields
  2196 | D:4      | Reached XP level 6. HP: 15/56 MP: 5/5
  2743 | D:4      | Found a sparkling altar of Nemelex Xobeh.
  2817 | D:5      | Entered Level 5 of the Dungeon
  2836 | D:5      | Found an opulent altar of Gozag.
  2890 | D:5      | Noticed Sigmund
  2899 | D:5      | Reached skill level 5 in Axes
  2899 | D:5      | Reached XP level 7. HP: 42/62 MP: 6/6
  2906 | D:5      | Killed Sigmund
  3015 | D:5      | Found Bureaph's Antique Weapon Boutique.
  3117 | D:5      | Found a transporter.
  3162 | D:5      | Found a transporter.
  3163 | D:5      | Noticed Kazon's ghost (novice VSFi)
  3478 | D:5      | Bought a fading broad axe for 234 gold pieces
  3478 | D:5      | Identified the +7 broad axe of Ravage {antimagic, *Rage
                  | rN+++ Str+9 Dex-5} (You bought it in a shop on level 5 of
                  | the Dungeon)
  3489 | D:6      | Reached XP level 8. HP: 71/71 MP: 2/7
  4006 | D:6      | Noticed a +0 spear
  4006 | D:6      | Noticed a +0 falchion
  4006 | D:6      | Noticed a +0 falchion
  4007 | D:6      | Noticed a +0 short sword
  4008 | D:6      | Noticed a +0 dagger
  4008 | D:6      | Noticed a +0 dagger
  4009 | D:6      | Noticed a +0 spear
  4009 | D:6      | Noticed a +0 short sword
  4018 | D:6      | Found a hide-covered altar of Uskayaw.
  5014 | D:7      | Found a staircase to the Ecumenical Temple.
  5132 | Temple   | Entered the Ecumenical Temple
  5407 | D:7      | Found a glowing golden altar of the Shining One.
  5481 | D:7      | Identified the +6 dagger of Honour {heavy, rPois rF- rN+}
  5655 | D:7      | Found a faded altar of an unknown god.
  5655 | D:7      | Found the Hermit's Pendant {Faith Invo=14 Evo=0 MP+5}
  5656 | D:7      | Noticed a tengu warrior
  5666 | D:7      | Killed a tengu warrior
  5667 | D:7      | Reached XP level 9. HP: 22/82 MP: 2/8
  7583 | D:9      | Noticed a gargoyle
  7592 | D:9      | Killed a gargoyle
  7879 | D:9      | Noticed a tengu warrior
  7895 | D:9      | HP: 2/83 [tengu warrior/+0 war axe (19)]
  7895 | D:9      | Slain by a tengu warrior

Illustrated notes

Levels and vault maps discovered:
D:1:      dreamdust_arrival_beginning_and_end, layout_rooms,
          chequers_serial_rivers_micro_c
D:2:      layout_basic, chequers_ecumenical_altar_simple_redux, serial_curves,
          eino_curves_02, eino_curves_01
D:3:      layout_basic
D:4:      layout_loops_ring, nemelex_spade_bored_becter, uniq_eustachio
D:5:      layout_cave_pools, grunt_gozag_breadcrumbs, gammafunk_ghost_hive,
          chequers_serial_rivers_room_b, ebering_dispersal_statue_hall,
          nicolae_stop_n_shop_1, minmay_misc_feat_columns, uniq_sigmund
D:6:      layout_rooms, nicolae_uskayaw_en_pointe
D:7:      layout_loops_corners, nicolae_tso_besieged_by_evil,
          minmay_temple_entry_grid, hellmonk_guarded_unrand_hermit
D:8:      layout_rooms
D:9:      layout_basic, mainiacjoe_overflow_swirl, david_orc_4
Temple:   regret_index_temple_generic_petals

Skill      XL: |  1  2  3  4  5  6  7  8  9 |
---------------+----------------------------+-----
Fighting       | 4 5 6 8 9 |  9.3
Shields        | 4 5 6 8 9 |  9.2
Armour         | 4 5 6 8 9 |  9.2
Axes           | 3 4 5 7 8 |  8.8

Action                     |  1- 3 |  4- 6 |  7- 9 || total
---------------------------+-------+-------+-------++-------
  Melee: War axe           |    76 |    79 |    30 ||   185
         Headbutt          |    10 |    12 |    21 ||    43
         Broad axe         |       |       |   149 ||   149
  Throw: Boomerang         |       |     2 |       ||     2
  Evoke: Wand              |       |       |     2 ||     2
    Use: Potion            |       |     1 |     2 ||     3
         Scroll            |       |       |    17 ||    17
   Stab: Paralysed         |       |       |     1 ||     1
 Armour: Scale mail        |    33 |    40 |    85 ||   158
  Dodge: Dodged            |    34 |    40 |    86 ||   160
         Repelled          |       |     1 |       ||     1
  Block: Buckler           |    24 |    29 |    37 ||    90
